 Dungeon Crawl Stone Soup version 0.29.1-15-g9cfb28693d (webtiles) character file.

Game seed: 7261765262836358232

2651 Heoruswealwe the Thaumaturge (level 9, -6/67 HPs)
             Began as a Deep Elf Summoner on Feb 21, 2023.
             Was a Follower of Sif Muna.
             Killed by divine providence
             ... invoked by an orc priest
              (11 damage)
             ... on level 7 of the Dungeon.
             The game lasted 01:47:10 (7014 turns).

Heoruswealwe the Thaumaturge (Deep Elf Summoner)    Turns: 7014, Time: 01:47:14

Health: -6/67      AC: 24    Str:  4    XL:     9   Next: 36%
Magic:  24/27      EV:  2    Int: 29    God:    Sif Muna [*.....]
Gold:   350        SH:  3    Dex: 14    Spells: 25/32 levels left

rFire   . . .      SeeInvis .   V - +1 long sword
rCold   . . .      Faith    .   c - +0 buckler
rNeg    . . .      Spirit   .   (body armour currently unavailable)
rPois   +          Reflect  .   (helmet currently unavailable)
rElec   .          Harm     .   (cloak currently unavailable)
rCorr   .          Rampage  .   (gloves currently unavailable)
Will    .....      NoTele   +   (boots currently unavailable)
Stlth   ++........              (no amulet)
HPRegen 0.21/turn               (no ring)
MPRegen 0.20/turn               (no ring)

@: tree-form
A: stationary, stasis, torment immunity, boosted hp, clever 1, (poison
resistance)
a: Renounce Religion, Channel Magic


You were on level 7 of the Dungeon.
You worshipped Sif Muna.
Sif Muna was aware of your devotion.
You were a tree.
You visited 2 branches of the dungeon, and saw 8 of its levels.

You collected 350 gold pieces.

Inventory:

Hand Weapons
 h - a +0 whip
 V - a +1 long sword (weapon)
Missiles
 j - 2 atropa-tipped darts
Armour
 c - a +0 buckler (worn)
 d - a +0 leather armour
 e - a +0 robe
 f - a +0 chain mail
 g - +2 steam dragon scales (melded)
 k - a +0 robe
 l - a +0 chain mail
 n - a scarf of harm
 F - the +1 Delatra's gloves (melded) {ID++}
   (You found it on level 4 of the Dungeon)

   It heals its wearer when they drink unknown potions.
   It restores its wearer's MP when they read unknown scrolls.
 O - a +0 cloak (melded)
Wands
 m - a wand of paralysis (10)
Scrolls
 a - 2 scrolls of fear
 r - 2 scrolls of immolation
 Q - 4 scrolls of blinking
 Y - a scroll of summoning
Potions
 b - a potion of magic
 i - a potion of attraction
 o - a potion of mutation
 p - 4 potions of flight
 u - 2 potions of lignification
 z - 2 potions of brilliance
 J - a potion of haste


   Skills:
 - Level 2.4 Dodging
 - Level 2.4 Stealth
 + Level 12.1 Spellcasting
 + Level 10.9 Summonings


You had 25 spell levels left.
You knew the following spells:

 Your Spells              Type           Power      Damage    Failure   Level
a - Summon Small Mammal   Summ           100%       N/A       1%          1
b - Call Canine Familiar  Summ           69%        N/A       1%          3
c - Summon Guardian Gole  Hex/Summ       49%        N/A       1%          3

Your spell library contained the following spells:

 Spells                   Type           Power      Damage    Failure   Level
 Call Imp                 Summ           69%        N/A       1%          2
 Apportation              Tloc           34%        N/A       4%          1
 Summon Lightning Spire   Summ/Air       49%        N/A       4%          4
 Scorch                   Fire           34%        2d6       6%          2
 Summon Cactus Giant      Summ           34%        N/A       7%          6
 Confusing Touch          Hex            17%        N/A       12%         3
 Ozocubu's Armour         Ice            17%        N/A       12%         3
 Flame Wave               Conj/Fire      17%        2d7       38%         4
 Yara's Violent Unravell  Hex/Tmut       8%         3d5       75%         5
 Enfeeble                 Hex            8%         N/A       100%        7
 Ozocubu's Refrigeration  Ice            8%         4d9       100%        7


Dungeon Overview and Level Annotations

Branches:
Dungeon (7/15)             Temple (1/1) D:4

Altars:
Ashenzari
Cheibriados
Dithmenos
Elyvilon
Fedhas
Gozag
Hepliaklqana
Kikubaaqudgha
Makhleb
Nemelex Xobeh
Okawaru
Qazlal
Ru
Sif Muna
Trog
Uskayaw
Vehumet
Wu Jian
Xom
Yredelemnul
Zin
The Shining One

Shops:
D:2 =   D:6 *


Innate Abilities, Weirdness & Mutations

You are a tree.
Your roots penetrate the ground, keeping you stationary.
You cannot be teleported.
You are immune to unholy pain and torment.
Your maximum health is greatly increased.
Your equipment is partially melded.
Your mind is acute. (Int +4, Str/Dex -1)
((Your system is resistant to poisons. (rPois)))


Message History

The water moccasin dies!
Sif Muna accepts your kill.
You swap places.
You see here a water moccasin corpse.
Your guardian golem disappears in a puff of smoke!
Your rat disappears in a puff of smoke!
You swap places.
r - 2 scrolls labelled LAJODAI NIFUGA (gained 1)
As you read the scroll of identify, it crumbles to dust.
r - 2 scrolls of immolation An orc priest comes into view.
It is wielding a +0 war axe.
An orc and an orc priest come into view.
The orc priest shouts! x2
The orc priest hits your warg with a +0 war axe!
Your warg barely misses the orc priest.
The orc priest looks braver for a moment.
Your warg closely misses the orc priest.
Casting: Summon Small Mammal (safe; 1% risk of failure)
Confirm with . or Enter, or press ? or * to list all spells.
A guardian golem appears, shielding your allies.
An orc comes into view. It is wielding a +0 club.
The orc priest calls down the wrath of Beogh upon you.
Beogh smites you! The orc priest barely misses your warg.
Your warg bites the orc priest but does no damage.
Casting: Summon Guardian Golem (safe; 1% risk of failure)
Confirm with . or Enter, or press ? or * to list all spells.
Your warg bites the orc priest.
The orc priest mumbles some strange prayers to Beogh against you.
Beogh smites you!
* * * LOW HITPOINT WARNING * * *
Your warg barely misses the orc priest.
Really quaff the potion of lignification?
You turn into a tree.
Your +0 cloak melds into your body.
The +1 Delatra's gloves {ID++} melds into your body.
Your +2 steam dragon scales melds into your body.
Your roots penetrate the ground.
The orc priest calls down the wrath of Beogh upon you.
Beogh smites you!
You die...

#...........# ##
#..........#..#
#..o.......... #9h#o.......
##......##.##
#..o.....#..#...
##...............
#..or.....##.....
#..♣.......#.....
#####...♣♣♣...#.....
##.#.#..♣# #♣........
#..#.#..♣ ♣..##....
#.......♣# #♣...# ...
####.......♣♣♣..#####..
#................##....
#.........#....†..#....
#.......................###


You could see 2 orc priests, 2 orcs, a friendly guardian golem (summoned), a
friendly warg (summoned, sheltered) and a friendly quokka (summoned, sheltered).

Vanquished Creatures
  A bullfrog (D:7)
  An adder (D:2)
  A dart slug (D:2)
  2 orcs
  A bat (D:1)
  4 endoplasms
  2 giant cockroaches (D:4)
  3 goblins
  4 hobgoblins
  3 kobolds
  A quokka (D:3)
  2 ball pythons (D:1)
  2 rats
27 creatures vanquished.

Vanquished Creatures (collateral kills)
  Sigmund (D:2)
  A wyvern (D:7)
  A steam dragon (D:6)
  A black bear (D:5)
  4 water moccasins
  An orc warrior (D:4)
  An ice beast (D:5)
  An ogre (D:5)
  A centaur (D:5)
  2 bullfrogs
  7 scorpions (D:5)
  A howler monkey (D:5)
  5 hounds
  Terence (D:2)
  3 orc wizards
  9 iguanas
  6 gnolls
  7 adders
  2 shadow imps
  A white imp (D:5)
  3 dart slugs
  15 orcs
  A bat (D:1)
  6 endoplasms
  2 giant cockroaches
  A goblin (D:1)
  6 hobgoblins
  2 kobolds
  2 quokkas
  5 ball pythons
  A frilled lizard (D:2)
  3 rats (D:1)
103 creatures vanquished.

Vanquished Creatures (others)
  2 fungi (D:3)
  2 plants (D:3)
4 creatures vanquished.

Grand Total: 134 creatures vanquished

Notes
Turn   | Place    | Note
-------+----------+-------------------------------------------
     0 | D:1      | Heoruswealwe the Deep Elf Summoner began the quest for the
                  | Orb.
     0 | D:1      | Reached XP level 1. HP: 10/10 MP: 6/6
   222 | D:1      | Reached XP level 2. HP: 9/15 MP: 4/8
   447 | D:1      | Reached skill level 4 in Spellcasting
   487 | D:1      | Reached skill level 5 in Summonings
   487 | D:1      | Reached XP level 3. HP: 19/19 MP: 8/10
   544 | D:1      | Learned a level 3 spell: Call Canine Familiar
  1348 | D:2      | Noticed Sigmund
  1357 | D:2      | Killed Sigmund
  1358 | D:2      | Reached skill level 5 in Spellcasting
  1358 | D:2      | Reached XP level 4. HP: 3/24 MP: 8/13
  1358 | D:2      | Reached XP level 5. HP: 3/28 MP: 9/15
  1393 | D:2      | Reached skill level 6 in Spellcasting
  1404 | D:2      | Found Hurricwi's Jewellery Shoppe.
  1715 | D:2      | Noticed Terence
  1722 | D:2      | Killed Terence
  1723 | D:2      | Reached XP level 6. HP: 32/32 MP: 14/17
  1878 | D:2      | Found a white marble altar of Elyvilon.
  2111 | D:3      | Learned a level 3 spell: Call Canine Familiar
  2216 | D:3      | You fall into a shaft and drop 2 floors!
  2216 | D:5      | Entered Level 5 of the Dungeon
  2294 | D:5      | Found a sparkling altar of Nemelex Xobeh.
  2294 | D:5      | Found an iron altar of Okawaru.
  2294 | D:5      | Found an opulent altar of Gozag.
  2387 | D:5      | Noticed a water moccasin
  2415 | D:5      | Killed a water moccasin
  2416 | D:5      | Reached skill level 7 in Spellcasting
  2728 | D:4      | Found a staircase to the Ecumenical Temple.
  2746 | Temple   | Entered the Ecumenical Temple
  2878 | Temple   | Became a worshipper of Sif Muna the Loreminder
  2975 | D:4      | Reached XP level 7. HP: 22/36 MP: 16/20
  3164 | D:3      | Found a faded altar of an unknown god.
  3221 | D:3      | Got Plato's Treatise on Wanderlust
  3837 | D:4      | Found a shimmering altar of Xom.
  4073 | D:4      | Reached skill level 8 in Spellcasting
  4078 | D:4      | Reached * piety under Sif Muna
  4102 | D:4      | Found the +1 Delatra's gloves {ID++}
  4235 | D:4      | Gained mutation: Your system is resistant to poisons.
                  | (rPois) [potion of mutation]
  4235 | D:4      | Gained mutation: Your mind is acute. (Int +4, Str/Dex -1)
                  | [potion of mutation]
  4564 | D:5      | Reached skill level 9 in Spellcasting
  4564 | D:5      | Reached XP level 8. HP: 32/41 MP: 23/23
  4799 | D:5      | Reached skill level 10 in Spellcasting
  5380 | D:5      | Reached skill level 11 in Spellcasting
  5380 | D:5      | Reached skill level 10 in Summonings
  6091 | D:6      | Learned a level 3 spell: Summon Guardian Golem
  6155 | D:6      | Reached XP level 9. HP: 17/45 MP: 19/26
  6369 | D:6      | Found Vim Ipri's General Store.
  6909 | D:7      | Reached skill level 12 in Spellcasting
  7014 | D:7      | Killed from afar by an orc priest

Illustrated notes

Levels and vault maps discovered:
D:1:      minmay_arrival_jagged, layout_basic, corexii_corridor_pit
D:2:      layout_rooms, basic_altar, serial_shops, nicolae_shop_crystal,
          serial_corexii_hall, corexii_hall_statues_l, chequers_hall_statues_y,
          uniq_sigmund, uniq_terence
D:3:      layout_rooms, shapermc_ecumenical_altar_rom_forum
D:4:      layout_rooms, nicolae_overflow_crystal_walls,
          minmay_temple_entry_statues, pf_guarded_unrand_delatra
D:5:      minmay_razor_zed, layout_basic, gammafunk_temple_overflow_claw,
          grunt_ministairs_1, minmay_misc_feat_four_crosses
D:6:      layout_loops_ring, serial_shops, shop
D:7:      layout_cave_pools, ebering_ghost_rock_garden, minmay_stone_trees_small
Temple:   nicolae_temple_bog_church

Skill      XL: |  1  2  3  4  5  6  7  8  9 |
---------------+----------------------------+-----
Spellcasting   | 4 5 6 7 9 11 12 | 12.1
Summonings     | 5 6 7 8 10 | 10.9
Dodging        | |  2.4
Stealth        | |  2.4

Action                   |  1- 3 |  4- 6 |  7- 9 || total
-------------------------+-------+-------+-------++-------
Melee: Club              |     4 |       |       ||     4
       Halberd           |       |       |    15 ||    15
       Long sword        |       |       |    17 ||    17
 Fire: Sling             |    14 |    42 |    20 ||    76
 Cast: Summon Small Mamm |    27 |     1 |    16 ||    44
       Call Canine Famil |     3 |    17 |    19 ||    39
       Summon Guardian G |       |       |     5 ||     5
  Use: Potion            |     5 |     4 |     8 ||    17
       Scroll            |       |     4 |    11 ||    15
Armor: Robe              |     2 |     3 |     5 ||    10
       Steam dragon scal |       |       |    12 ||    12
Dodge: Dodged            |    19 |    18 |    47 ||    84
Block: Buckler           |       |       |     4 ||     4
